 Dungeon Crawl Stone Soup version 0.30-a0-719-gcc4359ea44 (webtiles) character file.

Game seed: 12298136939067097621

75 Absynth the Chopper (level 4, -5/52 HPs)
             Began as a Demonspawn Berserker on Jan 26, 2023.
             Was a Believer of Trog.
             Slain by Crazy Yiuf
             ... wielding a +4 quarterstaff of chaos
              (9 damage)
             ... on level 2 of the Dungeon.
             The game lasted 00:02:49 (1416 turns).

Absynth the Chopper (Demonspawn Berserker)          Turns: 1416, Time: 00:02:50

Health: -5/52      AC:  5    Str: 20    XL:     4   Next: 11%
Magic:  4/4        EV: 16    Int:  8    God:    Trog [**....]
Gold:   158        SH:  0    Dex: 12    Spells: 3/3 levels left

rFire   . . .      SeeInvis .    a - +0 hand axe
rCold   . . .      Faith    .    (no shield)
rNeg    . . .      Spirit   .    c - +0 ring mail
rPois   .          Reflect  .    (no helmet)
rElec   .          Harm     .    j - scarf {+Inv}
rCorr   .          Rampage  .    (no gloves)
Will    .....                    (no boots) Stlth
                                 (no amulet)
HPRegen 0.28/turn                (no ring)
MPRegen 0.09/turn                (no ring)

@: agile, berserking, very quick
A: hooves 1, powered by pain 1
a: Renounce Religion, Evoke Invisibility, Berserk, Trog's Hand


You were on level 2 of the Dungeon.
You worshipped Trog.
Trog was pleased with you.
You visited 1 branch of the dungeon, and saw 2 of its levels.

You collected 158 gold pieces.

Inventory:

Hand Weapons
 a - a +0 hand axe (weapon)
Missiles
 f - 5 poisoned darts (quivered)
Armour
 c - a +0 ring mail (worn)
 j - a scarf of invisibility (worn)
Scrolls
 b - 2 scrolls of identify {unknown}
 e - a scroll of butterflies {unknown}
 i - a scroll of immolation {unknown}
Potions
 d - 2 potions of curing {unknown}
 g - a potion of might {unknown}
 h - a potion of brilliance {unknown}


   Skills:
 + Level 3.4 Fighting
 * Level 3.5 Axes
 + Level 2.3 Armour
 + Level 2.3 Dodging


You had 3 spell levels left.
You didn't know any spells.
Your spell library was empty.

Dungeon Overview and Level Annotations

Branches:
Dungeon (2/15)

Altars:

Annotations:
D:2 Crazy Yiuf


Innate Abilities, Weirdness & Mutations

You have large cloven feet.
You sometimes gain a little power by taking damage.


Message History

You are no longer poisoned.
You start resting.
You feel yourself speed up.
You start resting.
HP restored.
You recover from your berserk rage.
You now have 158 gold pieces (gained 13).
Found two hammers.
You see here a +2 heavy hammer.
Found a glowing hammer and six hammers.
Found a runed translucent door.
You see here a +0 hammer.
Found a hammer.
Crazy Yiuf shouts!
You see here a +0 hammer of draining.
You see here a +0 hammer.
Found three hammers.
You see here a +0 hammer.
You open the door. You hit Crazy Yiuf.
Crazy Yiuf is moderately wounded.
Crazy Yiuf hits you with a +4 quarterstaff of chaos!
Crazy Yiuf burns you!
* * * LOW HITPOINT WARNING * * *
You focus on the pain.
You feel agile all of a sudden.
Crazy Yiuf screams, "Whippet!
Gnoll sizzlefizz agre."
Crazy Yiuf hits you with a +4 quarterstaff of chaos.
* * * LOW HITPOINT WARNING * * *
You convulse!
* * * LOW HITPOINT WARNING * * *
You hit Crazy Yiuf but do no damage. You kick Crazy Yiuf.
Crazy Yiuf is moderately wounded.
Crazy Yiuf closely misses you.
You hit Crazy Yiuf but do no damage. You kick Crazy Yiuf, but do no damage.
Crazy Yiuf is moderately wounded.
Crazy Yiuf closely misses you.
A red film seems to cover your vision as you go berserk!
You feel yourself moving faster!
You feel mighty!
Crazy Yiuf hits you with a +4 quarterstaff of chaos!
You die...

......#
#.##..##
......#
#######
.#.#### ####
.#.# #..#
##### .#.#
##.## #).)#
.#.#####..##
#)))#
.#.........#
)))
########†###
#g# #.###
#@## ##...#
##)# #....#
#)##
#######....#
##)#
...........#
##)##
........####
##..)#
........#
#....#
........#
#....#
######.##
#....#


You could see Crazy Yiuf.

Vanquished Creatures
  2 adders (D:2)
  A worm (D:2)
  3 dart slugs
  3 ball pythons
  4 endoplasms (D:1)
  3 giant cockroaches
  3 hobgoblins
  7 jackals (D:1)
  3 kobolds
  2 quokkas (D:2)
  4 bats
  4 frilled lizards
  A goblin (D:2)
  6 rats
46 creatures vanquished.

Notes
Turn   | Place    | Note
-------+----------+-------------------------------------------
     0 | D:1      | Absynth the Demonspawn Berserker began the quest for the
                  | Orb.
     0 | D:1      | Reached XP level 1. HP: 18/18 MP: 1/1
    38 | D:1      | Gained mutation: You have large cloven feet. [demonic
                  | ancestry]
    38 | D:1      | Reached XP level 2. HP: 24/24 MP: 2/2
   692 | D:1      | Reached XP level 3. HP: 29/29 MP: 3/3
   935 | D:2      | Reached ** piety under Trog
  1362 | D:2      | Gained mutation: You sometimes gain a little power by
                  | taking damage. [demonic ancestry]
  1362 | D:2      | Reached XP level 4. HP: 35/35 MP: 4/4
  1408 | D:2      | Found a runed translucent door.
  1409 | D:2      | Noticed Crazy Yiuf
  1416 | D:2      | Slain by Crazy Yiuf

Illustrated notes

Levels and vault maps discovered:
D:1:      arrival_zaba_pyramid, layout_loops_corners
D:2:      layout_basic, palyth_stone_intersect, uniq_crazy_yiuf_cottage

Skill      XL: |  1  2 |
---------------+-------+-----
Axes           | 3 |  3.5
Armour         | 2 |  2.3
Dodging        | 2 |  2.3
Fighting       | |  3.4

Action                     |  1- 3 |  4- 6 || total
---------------------------+-------+-------++-------
  Melee: Hand axe          |   116 |     4 ||   120
         Kick              |    18 |     3 ||    21
         Punch             |     1 |       ||     1
 Invoke: Berserk           |     2 |     1 ||     3
   Stab: Distracted        |     1 |       ||     1
 Armour: Animal skin       |     5 |       ||     5
         Ring mail         |    31 |       ||    31
  Dodge: Dodged            |    82 |     2 ||    84

Table legend: (Time is in decaauts)
 A = Elapsed time spent in this place.
 B = Non-inter-level travel time spent in this place.
 C = Inter-level travel time spent in this place.
 D = Time resting spent in this place.
 E = Time spent auto-exploring this place.
 F = Levels seen in this place.
 G = Mean time per level.
                   A        B        C        D        E       F      G
               +--------+--------+--------+--------+--------+-----+--------+
         Total |   1445 |   1421 |     24 |     56 |   1071 |   2 |  722.5 |
       Dungeon |   1445 |   1421 |     24 |     56 |   1071 |   2 |  722.5 |
               +--------+--------+--------+--------+--------+-----+--------+

Top non-repeatable levels by time:
     D:1: 942 daAuts
     D:2: 503 daAuts
